AoeStats
← MUNIZ.JR. BR

Arena

508550129Analyzed
2v2 RM · 9d ago on Sep 23, 2026· 48m 19s· 4 players
Game mode
Random Map
Map size
Medium (4 player)
Population
200
Speed
Normal
Resources
Standard
Victory
Conquest
Starting age
Dark Age
Ending age
Imperial Age
RankedLock teamsTeams togetherTeam positionsShared explorationLock speedFull tech treeHidden civsTurbo modeCheats
Victory
Defeat
🇧🇷 Burgundians · Brazil
1184
+17
🇧🇷 Danes · Brazil
1183
+18
🇺🇾 Danes · Uruguay
1251
-19
🇺🇾 Varangians · Uruguay
1182
-16
MUNIZ.JR. BR
4:24 Double-Bit Axe
6:55 Horse Collar
10:41 Feudal Age
10:25 Gold Mining
14:34 Castle Age
13:22 Bow Saw
23:07 Husbandry
22:27 Cavalier
23:44 Loom
23:45 Town Watch
24:40 Wheelbarrow
25:05 Gold Mining
25:05 Stone Mining
26:05 Scale Barding Armor
26:10 Forging
26:56 Gold Shaft Mining
26:56 Stone Shaft Mining
27:22 Two-Man Saw
27:32 Hand Cart
32:01 Imperial Age
31:23 Chain Barding Armor
30:57 Fletching
31:08 Padded Archer Armor
34:22 Chemistry
33:43 Ballistics
34:15 Burgundian Vineyards
34:19 Heavy Plow
35:40 Iron Casting
35:40 Plate Barding Armor
36:56 Leather Archer Armor
37:48 Blast Furnace
38:28 Paladin
39:34 Conscription
Caveirose
7:11 Loom
11:05 Feudal Age
12:17 Double-Bit Axe
15:08 Castle Age
12:58 Horse Collar
18:11 Man-at-Arms
18:58 Pikeman
21:02 Forging
21:47 Scale Mail Armor
28:05 Wheelbarrow
29:26 Chain Mail Armor
31:02 Squires
32:01 Iron Casting
32:16 Gold Mining
35:28 Fletching
40:04 Town Watch
43:34 Bodkin Arrow
45:02 Bow Saw
47:47 Arson
pwlg.fede
10:36 Feudal Age
12:04 Double-Bit Axe
14:31 Castle Age
14:43 Gold Mining
16:09 Bow Saw
15:45 Horse Collar
19:32 Wheelbarrow
22:15 Loom
22:16 Town Watch
23:29 Redemption
26:13 Heavy Plow
26:49 Gold Shaft Mining
26:33 Hand Cart
27:08 Squires
28:27 Pikeman
28:53 Arson
29:26 Scale Mail Armor
29:37 Forging
35:57 Imperial Age
33:22 Stone Mining
33:33 Fletching
33:44 Padded Archer Armor
34:01 Chain Mail Armor
33:28 Elite Skirmisher
35:40 Crossbowman
36:32 Bodkin Arrow
36:52 Leather Archer Armor
37:13 Iron Casting
36:55 Halberdier
39:14 Capped Ram
40:44 Conscription
41:06 Block Printing
40:59 Bracer
41:29 Ring Archer Armor
42:00 Blast Furnace
43:12 Plate Mail Armor
47:11 Siege Ram
zetsu
10:25 Feudal Age
13:55 Castle Age
11:49 Horse Collar
12:29 Double-Bit Axe
17:45 Loom
21:59 Gold Mining
24:27 Forging
25:28 Scale Mail Armor
27:39 Bow Saw
29:25 Arson
29:42 Squires
32:36 Wheelbarrow
36:30 Heavy Plow
35:59 Pikeman
37:42 Chain Mail Armor
38:03 Iron Casting
42:05 Imperial Age
42:45 Elite Varangian Guard
44:57 Two-Man Saw
46:27 Fletching
47:39 Blast Furnace
47:10 Plate Mail Armor
47:07 Bodkin Arrow
Connection lost

Rejoining the realm…

Still unreachable

The connection could not be restored.

Session expired

The server has moved on; the page needs a fresh start.